 Dungeon Crawl Stone Soup version 0.30-a0-718-geaa24f58ff (webtiles) character file.

Game seed: 3932796606752417329

7838 Descartes the Blocker (level 11, -10/76 (79) HPs)
             Began as a Formicid Fighter on Jan 24, 2023.
             Was an Initiate of Gozag.
             Mangled by a skeletal warrior
             ... wielding a +0 war axe
              (16 damage)
             ... on level 11 of the Dungeon on Jan 25, 2023.
             The game lasted 00:25:36 (14084 turns).

Descartes the Blocker (Formicid Fighter)           Turns: 14084, Time: 00:25:37

HP:   -10/76 (79)   AC: 20    Str: 24    XL:     11   Next: 44%
MP:   18/18         EV:  7    Int:  9    God:    Gozag
Gold: 828           SH: 11    Dex: 13    Spells: 20/20 levels left

rFire   . . .      SeeInvis +    D - +0 halberd (flame)
rCold   + . .      Faith    .    c - +0 buckler
rNeg    . . .      Spirit   .    Z - +1 plate armour {rPois}
rPois   +          Reflect  +    (helmet unavailable)
rElec   .          Harm     .    X - +1 cloak
rCorr   .          Rampage  .    R - +0 pair of gloves
Will    +....                    N - +1 pair of boots Stlth
                                 C - amulet of reflection
HPRegen 0.32/turn                (no ring)
MPRegen 0.16/turn                (no ring)

@: lightly drained
A: permanent stasis, dig shafts and tunnels, antennae 3, four strong arms, cold
resistance 1, MP-powered wands
a: Dig, Shaft Self, Renounce Religion, Potion Petition, Call Merchant, Bribe
Branch


You were on level 11 of the Dungeon.
You worshipped Gozag.
Gozag was pleased with you.
You visited 2 branches of the dungeon, and saw 12 of its levels.
You visited the Abyss 1 time.
You also visited: Ossuary.

You collected 1246 gold pieces.
You paid 418 gold pieces to Gozag.

Inventory:

Hand Weapons
 a - a +0 war axe
 D - a +0 halberd of flaming (weapon)
 W - a +0 club
 Y - a +3 heavy flail
Missiles
 b - 9 boomerangs (quivered)
 e - 2 curare-tipped darts
 w - 12 poisoned darts
 P - 5 javelins
Armour
 c - a +0 buckler (worn)
 L - +0 steam dragon scales
 N - a +1 pair of boots (worn)
 O - +0 acid dragon scales
 R - a +0 pair of gloves (worn)
 X - a +1 cloak (worn)
 Z - a +1 plate armour of poison resistance (worn)
Jewellery
 C - an amulet of reflection (around neck)
 J - a ring of fire
 T - a ring of wizardry
Wands
 j - a wand of charming (8)
 v - a wand of digging (7)
 E - a wand of roots (19)
 G - a wand of polymorph (2)
 H - a wand of flame (14)
 U - a wand of mindburst (31)
Scrolls
 h - 3 scrolls of teleportation
 i - 2 scrolls of butterflies {unknown}
 k - 2 scrolls of brand weapon {unknown}
 o - 2 scrolls of fear {unknown}
 p - 3 scrolls of magic mapping
 t - a scroll of enchant armour {unknown}
 u - 2 scrolls of immolation {unknown}
 y - 7 scrolls of identify
 z - 3 scrolls of poison {unknown}
 F - a scroll of noise {unknown}
 I - 3 scrolls of enchant weapon {unknown}
 K - 4 scrolls of amnesia {unknown}
 M - a scroll of torment {unknown}
 S - a scroll of fog {unknown}
 V - 2 scrolls of vulnerability {unknown}
Potions
 d - 4 potions of lignification
 f - a potion of degeneration
 g - a potion of might
 l - 2 potions of attraction
 m - 2 potions of flight {unknown}
 n - a potion of haste
 q - 3 potions of brilliance
 r - 3 potions of curing
 s - a potion of berserk rage
 x - a potion of ambrosia
 A - a potion of resistance
 B - a potion of invisibility
 Q - 3 potions of mutation


   Skills:
 - Level 5.0 Fighting
 + Level 7.0(7.9) Axes
 + Level 5.4(7.1) Polearms
 + Level 7.9 Armour
 + Level 9.6 Shields
 - Level 5.0 Spellcasting
 + Level 6.0 Translocations
 + Level 7.1 Evocations


You had 20 spell levels left.
You didn't know any spells.
Your spell library contained the following spells:

 Spells                   Type           Power      Damage    Failure   Level
 Gell's Gravitas          Tloc           13%        N/A       67%         3
 Teleport Other           Tloc           13%        N/A       67%         3
 Freeze                   Ice            8%         1d3       98%         1
 Kindle Blastsparks       Fire/Tloc/Air  10%        2d10      99%         3
 Frozen Ramparts          Ice            4%         1d1       100%        3
 Hailstorm                Conj/Ice       2%         3d3       100%        3
 Ignite Poison            Fire/Tmut/Pois 2%         N/A       100%        3
 Summon Ice Beast         Ice/Summ       2%         N/A       100%        4
 Freezing Cloud           Conj/Ice/Air   1%         6-21      100%        5
 Summon Mana Viper        Hex/Summ       2%         N/A       100%        5
 Dispersal                Tloc           6%         N/A       100%        6
 Monstrous Menagerie      Summ           1%         N/A       100%        7


Dungeon Overview and Level Annotations

Branches:
Dungeon (11/15)            Temple (1/1) D:6            Lair (0/5) D:10
Ossuary (visited)
    Orc: D:9-12

Altars:
Ashenzari
Cheibriados
Dithmenos
Elyvilon
Fedhas
Gozag
Hepliaklqana
Kikubaaqudgha
Makhleb
Nemelex Xobeh
Okawaru
Qazlal
Ru
Sif Muna
Trog
Uskayaw
Vehumet
Wu Jian
Xom
Yredelemnul
Zin
The Shining One

Shops:
D:8 ![   D:9 =

Annotations:
D:8 Joseph


Innate Abilities, Weirdness & Mutations

You cannot be hasted, slowed, berserked, paralysed or teleported.
You can dig through walls and to a lower floor.
You have a pair of large antennae on your head. (SInv)
Your four strong arms can wield two-handed weapons with a shield.
Your flesh is cold resistant. (rC+)
You expend magic power (3 MP) to strengthen your wands.


Message History

The skeletal warrior barely misses you.
The skeletal warrior hits you with a +0 war axe!
You are too injured to fight recklessly!
You are too injured to fight recklessly!
You are too injured to fight recklessly!
You are too injured to fight recklessly!
You are too injured to fight recklessly!
You are too injured to fight recklessly!
You are too injured to fight recklessly!
You are too injured to fight recklessly!
You are too injured to fight recklessly!
You are too injured to fight recklessly!
You are too injured to fight recklessly!
You barely miss the skeletal warrior.
The skeletal warrior is heavily damaged.
You block the skeletal warrior's attack.
You puncture the skeletal warrior! You burn the skeletal warrior.
The skeletal warrior is severely damaged.
The skeletal warrior hits you with a +0 war axe.
You hit the skeletal warrior. You burn the skeletal warrior.
The skeletal warrior is almost destroyed.
You block the skeletal warrior's attack.
You closely miss the skeletal warrior.
The skeletal warrior is almost destroyed.
The skeletal warrior hits you but does no damage.
You barely miss the skeletal warrior.
The skeletal warrior is almost destroyed.
The skeletal warrior hits you with a +0 war axe!
* * * LOW HITPOINT WARNING * * *
You hit the skeletal warrior but do no damage.
The skeletal warrior is almost destroyed.
You block the skeletal warrior's attack.
The skeletal warrior hits you with a +0 war axe!
* * * LOW HITPOINT WARNING * * *
The skeletal warrior attacks as you move away!
The skeletal warrior hits you but does no damage.
The skeletal warrior attacks as you move away!
The skeletal warrior hits you with a +0 war axe!
You die...
Your body crumbles into a pile of gold.

.. .# #. .# .## .# ####
..# .# #..# #.###.## #..#
#.##...##
#..######.#.....#### .
#..........@z.......
..####.#######.#.....####
#...<#.#######.##...##
..##...............##
>......##.###.######
.###.####.# #.# #.# #.#
#.# .#. ..# #.# ## # ###
#.#


You could see a skeletal warrior.

Vanquished Creatures
  Maggie (D:6)
  Psyche (D:8)
  Prince Ribbit (D:6)
  A troll (D:10)
  Grinder (D:4)
  6 slime creatures
  Sigmund (D:4)
  3 yaks (D:10)
  2 wyverns
  2 shadows
  Eustachio (D:4)
  3 steam dragons
  Edmund (D:4)
  3 orc warriors
  A sky beast (D:7)
  2 ice beasts
  An ogre (D:5)
  4 centaurs
  A kobold brigand (D:10)
  2 necrophages (D:5)
  3 bullfrogs
  4 scorpions
  11 wights
  6 killer bees (D:8)
  2 howler monkeys (D:7)
  4 orc priests
  3 hounds
  A jelly (D:4)
  Jessica (D:2)
  A gnoll bouda (D:3)
  Ijyb (D:5)
  Terence (D:2)
  An iguana (D:6)
  Natasha (D:3)
  19 orc wizards
  8 mummies (Ossuary)
  13 gnolls
  10 adders
  A shadow imp (D:5)
  2 ufetubi
  3 worms (D:2)
  3 dart slugs
  53 orcs
  13 bats
  8 endoplasms
  4 giant cockroaches
  3 goblins
  7 hobgoblins
  6 jackals
  3 quokkas
  2 ball pythons (D:4)
  8 frilled lizards
  4 hobgoblin zombies (Ossuary)
  9 kobolds
  2 kobold zombies (Ossuary)
  2 orc zombies (Ossuary)
261 creatures vanquished.

Vanquished Creatures (others)
  23 fungi (D:5)
  20 starspawn tentacles
43 creatures vanquished.

Grand Total: 304 creatures vanquished

Notes
Turn   | Place    | Note
-------+----------+-------------------------------------------
     0 | D:1      | Descartes the Formicid Fighter began the quest for the Orb.
     0 | D:1      | Reached XP level 1. HP: 18/18 MP: 1/1
    87 | D:1      | Found a faded altar of an unknown god.
   167 | D:1      | Reached XP level 2. HP: 19/24 MP: 2/2
   812 | D:2      | Reached XP level 3. HP: 28/29 MP: 3/3
  1033 | D:2      | Reached skill level 1 in Evocations
  1225 | D:2      | Noticed Terence
  1232 | D:2      | Killed Terence
  1233 | D:2      | Reached skill level 1 in Spellcasting
  1233 | D:2      | Reached XP level 4. HP: 30/37 MP: 5/5
  1409 | D:2      | Reached skill level 1 in Translocations
  1432 | D:2      | Noticed Jessica
  1437 | D:2      | Killed Jessica
  1438 | D:2      | Reached XP level 5. HP: 42/42 MP: 6/6
  1937 | D:3      | Reached XP level 6. HP: 42/48 MP: 8/8
  1951 | D:3      | Reached skill level 5 in Shields
  2316 | D:3      | Found a burning altar of Makhleb.
  2316 | D:3      | Noticed an Executioner
  2319 | D:3      | Noticed a ynoxinul
  2319 | D:3      | Noticed a hellwing
  2543 | D:3      | Noticed Natasha
  2546 | D:3      | Killed Natasha
  2781 | D:4      | Found a sand-covered staircase.
  2785 | Ossuary  | Entered an ossuary
  2862 | Ossuary  | Reached XP level 7. HP: 24/55 MP: 10/10
  3353 | D:4      | Noticed Edmund
  3354 | D:4      | Noticed Sigmund
  3366 | D:4      | Killed Edmund
  3621 | D:4      | Noticed Eustachio
  3648 | D:4      | Killed Eustachio
  3649 | D:4      | Reached XP level 8. HP: 45/61 MP: 10/12
  3972 | D:4      | Found a radiant altar of Vehumet.
  4025 | D:4      | Reached skill level 5 in Fighting
  4775 | D:4      | Noticed Grinder
  4791 | D:4      | Killed Grinder
  4792 | D:4      | Reached skill level 5 in Armour
  4792 | D:4      | Reached skill level 6 in Shields
  4875 | D:5      | Entered Level 5 of the Dungeon
  4942 | D:4      | Killed Sigmund
  4979 | D:5      | Reached skill level 1 in Polearms
  5208 | D:5      | Noticed Ijyb
  5227 | D:5      | Killed Ijyb
  5354 | D:5      | Reached XP level 9. HP: 43/68 MP: 14/14
  5547 | D:5      | Found an ancient bone altar of Kikubaaqudgha.
  5904 | D:5      | Reached skill level 7 in Shields
  6726 | D:6      | Found a staircase to the Ecumenical Temple.
  6748 | Temple   | Entered the Ecumenical Temple
  6748 | Temple   | Found a transporter.
  6748 | Temple   | Found a transporter.
  6750 | Temple   | Found a transporter.
  6750 | Temple   | Found a transporter.
  6991 | D:6      | Noticed Maggie
  7012 | D:6      | HP: 1/61 [Maggie/+0 scimitar (8)]
  7013 | D:6      | Killed Maggie
  7014 | D:6      | Reached skill level 5 in Axes
  7014 | D:6      | Reached skill level 5 in Evocations
  7600 | D:6      | Noticed Prince Ribbit
  7611 | D:6      | Killed Prince Ribbit
  7612 | D:6      | Reached XP level 10. HP: 70/74 MP: 15/17
  8019 | D:7      | Found an ornate altar of the Wu Jian Council.
  8149 | D:7      | Reached skill level 8 in Shields
  8218 | D:7      | Found a glowing silver altar of Zin.
  8342 | D:7      | Reached skill level 5 in Spellcasting
  9201 | D:8      | Upgraded the game from 0.30-a0-715-gdb4ae3ece1 to
                  | 0.30-a0-718-geaa24f58ff
  9412 | D:8      | Noticed Psyche
  9415 | D:8      | Noticed Joseph
  9424 | D:8      | HP: 3/74 [Psyche/+2 dagger of distortion (4)]
  9429 | D:8      | Gained mutation: You expend magic power (3 MP) to
                  | strengthen your wands. [potion of mutation]
  9429 | D:8      | Gained mutation: Your flesh is cold resistant. (rC+)
                  | [potion of mutation]
  9435 | Abyss:1  | Cast into level 1 of the Abyss (Psyche)
  9599 | Abyss:1  | Noticed a death drake
  9602 | Abyss:1  | Noticed a starcursed mass
  9655 | Abyss:1  | Noticed a tentacled starspawn
  9712 | Abyss:1  | Noticed a starcursed mass
  9724 | Abyss:1  | Noticed a wretched star
  9736 | Abyss:1  | Noticed a bone dragon
  9747 | Abyss:1  | Noticed an apocalypse crab
  9764 | Abyss:1  | Noticed an ice devil
  9798 | Abyss:2  | Found a hazy altar of Hepliaklqana.
  9798 | Abyss:2  | Noticed a wizard
  9818 | Abyss:3  | Noticed a tentacled starspawn
  9833 | Abyss:3  | Found a corrupted altar of Lugonu.
  9860 | Abyss:3  | Noticed an orange demon
  9869 | D:8      | Escaped the Abyss
  9876 | D:8      | Killed Psyche
 10017 | D:8      | Reached skill level 5 in Translocations
 10027 | D:8      | Found Jeza's Antique Armour Shop.
 10257 | D:8      | Found a snail-covered altar of Cheibriados.
 10257 | D:8      | Found a sacrificial altar of Ru.
 10302 | D:8      | Found Yclauqas's Distillery.
 12206 | D:9      | Found Uduedde's Jewellery Shop.
 12235 | D:10     | Entered Level 10 of the Dungeon
 12291 | D:10     | Reached XP level 11. HP: 78/79 MP: 18/18
 12477 | D:10     | Reached skill level 9 in Shields
 12745 | D:10     | Found a hide-covered altar of Uskayaw.
 12756 | D:10     | Found an opulent altar of Gozag.
 12887 | D:10     | Became a worshipper of Gozag Ym Sagoz the Greedy
 13095 | D:9      | Reached skill level 5 in Polearms
 13678 | D:10     | Found a staircase to the Lair.
 14061 | D:11     | Noticed a skeletal warrior
 14084 | D:11     | Mangled by a skeletal warrior

Illustrated notes

Levels and vault maps discovered:
D:1:      onia_arrival_mini_spirals, layout_basic,
          shapermc_ecumenical_altar_totnotflames
D:2:      layout_loops_corners, grunt_ministairs_12, st_stairs_3, uniq_terence,
          uniq_jessica
D:3:      layout_basic, makhleb_altar_promises_db, kennysheep_generic_room_6,
          uniq_natasha
D:4:      layout_loops_corners, vehumet_crystals, enter_ossuary_5,
          minmay_surrounded, uniq_edmund, uniq_eustachio, uniq_grinder,
          uniq_sigmund
D:5:      kennysheep_steamy, layout_basic, kennysheep_little_box,
          serial_aquarium, aquarium_bridge_island_small
          [aquarium_subvault_small_water, aquarium_subvault_bridge,
          aquarium_subvault_bridge, aquarium_subvault_bridge,
          aquarium_subvault_window], aquarium_window_3, aquarium_window_fake,
          aquarium_window_fake, aquarium_view_2b, aquarium_balcony_3b,
          aquarium_pool_2, hangedman_glass_teeth, kennysheep_generic_room_5,
          uniq_ijyb
D:6:      layout_basic, minmay_temple_entry_stoned_glass, uniq_maggie,
          uniq_prince_ribbit1
D:7:      layout_loops_corners, mainiacjoe_overflow_cross_hatched,
          mainiacjoe_overflow_alcove_2
D:8:      layout_rooms, amethyst_overflow_temple_binary, serial_shops, shop,
          nicolae_shop_stone, uniq_psyche, uniq_joseph
D:9:      minmay_goldmine, layout_basic, serial_shops, shop, grunt_ministairs_7
D:10:     kennysheep_spiral_hall, layout_basic, nicolae_gozag_seed_capital,
          lemuel_tele_altar, lair_entry_dummy
D:11:     layout_loops_ring, orc_0_dummy
Temple:   hellmonk_temple_divided_pantheon

Skill      XL: |  1  2  3  4  5  6  7  8  9 10 11 |
---------------+----------------------------------+-----
Evocations     | 1 2 3 4 5 6 7 |  7.1
Spellcasting   | 1 2 3 4 5 |  5.0
Translocations | 1 2 3 4 5 6 |  6.0
Fighting       | 4 5 |  5.0
Armour         | 4 5 6 7 |  7.9
Shields        | 5 6 7 8 9 |  9.6
Axes           | 3 4 5 6 7 |  7.0
Polearms       | 1 3 4 5 |  5.4

Action                     |  1- 3 |  4- 6 |  7- 9 | 10-12 || total
---------------------------+-------+-------+-------+-------++-------
  Melee: War axe           |    83 |   139 |   132 |       ||   354
         Halberd           |       |       |   258 |   511 ||   769
  Throw: Dart              |       |       |     3 |       ||     3
         Boomerang         |       |       |     2 |       ||     2
Ability: Dig               |       |       |     8 |     3 ||    11
    Use: Potion            |       |     3 |       |    15 ||    18
         Scroll            |       |     3 |       |       ||     3
   Stab: Sleeping          |       |       |     1 |       ||     1
 Armour: Scale mail        |    34 |    38 |       |       ||    72
         Chain mail        |       |    22 |   113 |       ||   135
         Steam dragon scal |       |       |    46 |       ||    46
         Acid dragon scale |       |       |     4 |   195 ||   199
         Skin              |       |       |       |     4 ||     4
         Plate armour      |       |       |       |     4 ||     4
  Dodge: Dodged            |    37 |    79 |   146 |   198 ||   460
  Block: Buckler           |    26 |    53 |   197 |   326 ||   602
         Reflection        |       |       |     4 |     9 ||    13

Table legend: (Time is in decaauts)
 A = Elapsed time spent in this place.
 B = Non-inter-level travel time spent in this place.
 C = Inter-level travel time spent in this place.
 D = Time resting spent in this place.
 E = Time spent auto-exploring this place.
 F = Levels seen in this place.
 G = Mean time per level.
                   A        B        C        D        E       F      G
               +--------+--------+--------+--------+--------+-----+--------+
         Total |  14459 |  13199 |   1260 |    289 |   9839 |  16 |  903.7 |
       Dungeon |  13582 |  12322 |   1260 |    121 |   9551 |  11 | 1234.7 |
        Temple |     37 |     37 |      0 |      0 |      6 |   1 |   37.0 |
         Abyss |    433 |    433 |      0 |    168 |      0 |   3 |  144.3 |
       Ossuary |    405 |    405 |      0 |      0 |    282 |   1 |  405.0 |
               +--------+--------+--------+--------+--------+-----+--------+

Top non-repeatable levels by time:
     D:5: 1927 daAuts
     D:9: 1743 daAuts
     D:4: 1541 daAuts
    D:10: 1464 daAuts
     D:3: 1281 daAuts
     D:6: 1270 daAuts
     D:7: 1238 daAuts
     D:2: 1126 daAuts
     D:8: 1118 daAuts
     D:1: 825 daAuts
 Ossuary: 405 daAuts
 Abyss:1: 360 daAuts
 Abyss:3: 59 daAuts
    D:11: 46 daAuts
  Temple: 37 daAuts
